AoeStats
← 极地沙尘暴

Nomad

507760979Analyzed
2v2 RM · 12d ago on Sep 19, 2026· 41m 20s· 4 players
Game mode
Random Map
Map size
176×176
Population
200
Speed
Normal
Resources
Standard
Victory
Conquest
Starting age
Dark Age
Ending age
Imperial Age
RankedLock teamsTeams togetherTeam positionsShared explorationLock speedFull tech treeHidden civsTurbo modeCheats
Victory
Defeat
🇨🇳 Vietnamese · China
1319
+15
🇨🇳 Huns · China
1318
+15
🇦🇷 Mongols · Argentina
1325
-16
🇦🇷 Vietnamese · Argentina
1275
-14
[La14] Monarca Yupanqui
3:28 Loom
4:09 Loom
13:15 Feudal Age
17:58 Castle Age
17:19 Double-Bit Axe
18:05 Gold Mining
18:05 Stone Mining
20:14 Fletching
20:11 Town Watch
21:01 Wheelbarrow
21:11 Horse Collar
21:51 Bow Saw
22:39 Stone Mining
24:48 Heavy Plow
24:38 Fishing Lines
25:00 Bodkin Arrow
25:40 Padded Archer Armor
28:02 Leather Archer Armor
28:22 Husbandry
28:59 Ballistics
30:32 Bloodlines
36:23 Hand Cart
42:25 Imperial Age
41:02 Nomads
OneHandMen
4:34 Loom
13:13 Feudal Age
13:45 Double-Bit Axe
14:35 Fletching
17:31 Wheelbarrow
17:23 Fishing Lines
21:24 Horse Collar
26:49 Castle Age
25:07 Gold Mining
27:45 Bow Saw
27:40 Bodkin Arrow
28:06 Medium Warships
28:38 Careening
28:37 Stone Mining
30:25 Clinker Construction
35:31 Ballistics
35:17 Treadmill Crane
40:14 Scale Mail Armor
40:24 Forging
40:24 Squires
剃刀割猪头
9:57 Loom
13:11 Feudal Age
13:38 Double-Bit Axe
15:03 Fletching
20:23 Wheelbarrow
21:15 Town Watch
21:35 Horse Collar
25:51 Castle Age
24:37 Gold Mining
24:52 Fishing Lines
26:52 Medium Warships
27:27 Bodkin Arrow
28:09 Ballistics
29:30 Bow Saw
30:54 Demolition Ship
31:53 Heavy Plow
32:42 Clinker Construction
35:27 Hand Cart
37:02 Scale Barding Armor
37:39 Forging
40:36 Imperial Age
40:42 Scale Mail Armor
40:45 Squires
42:03 Iron Casting
41:28 Arson
极地沙尘暴
9:04 Loom
14:40 Feudal Age
15:23 Double-Bit Axe
18:49 Castle Age
16:57 Horse Collar
17:14 Fishing Lines
20:13 Bow Saw
20:05 Heavy Plow
21:50 Wheelbarrow
26:30 Hand Cart
28:02 Husbandry
29:16 Scale Barding Armor
29:22 Forging
29:06 Gold Mining
29:47 Bloodlines
33:43 Imperial Age
32:27 Marauders
33:32 Chain Barding Armor
33:47 Iron Casting
34:53 Conscription
35:13 Elite Tarkan
37:23 Plate Barding Armor
42:00 Blast Furnace
Connection lost

Rejoining the realm…

Still unreachable

The connection could not be restored.

Session expired

The server has moved on; the page needs a fresh start.